[Event "ICC tourney 1980 (3 2)"]
[Site "Internet Chess Club"]
[Date "2020.08.28"]
[Round "2"]
[White "steinutz"]
[Black "rjc64uk"]
[Result "1-0"]
[ICCResult "Black checkmated"]
[WhiteElo "1526"]
[BlackElo "1643"]
[Opening "Trompowsky attack (Ruth, Opocenský opening)"]
[ECO "A45"]
[NIC "QP.07"]
[Time "20:14:09"]
[TimeControl "180+2"]

1. d4 Nf6 2. Bg5 e6 3. e3 c5 4. c3 b6 5. f4 Bb7 6. Nf3 Be7 7. Bd3 Ne4 8.
Bxe7 Qxe7 9. O-O O-O 10. Nbd2 f5 11. Qe2 d6 12. Rfe1 Nd7 13. Rad1 Ndf6 14.
Nf1 h6 15. a4 Qf7 16. Bc4 Nd5 17. N3d2 Ndf6 18. Nf3 Rae8 19. a5 Qh5 20. axb6
axb6 21. Ra1 Kh7 22. Ra7 Rf7 23. Rea1 Bc6 24. Bb5 Bxb5 25. Qxb5 Nd5 26. Qxe8
Rxa7 27. Qxh5 Rxa1 28. Ng5+ Kg8 29. Qf7+ Kh8 30. Qf8# {Black checkmated} 1-0

[Event "ICC tourney 1980 (3 2)"]
[Site "Internet Chess Club"]
[Date "2020.08.28"]
[Round "2"]
[White "Zwish"]
[Black "vedanta07"]
[Result "1/2-1/2"]
[ICCResult "Game drawn by repetition"]
[WhiteElo "1220"]
[BlackElo "1376"]
[Opening "Anderssen's opening"]
[ECO "A00"]
[NIC "VO.14"]
[Time "20:14:00"]
[TimeControl "180+2"]

1. a3 g6 2. Nf3 Bg7 3. c4 Nf6 4. g3 O-O 5. Bg2 c5 6. O-O d6 7. e3 Nc6 8. Qc2
Bf5 9. d3 e5 10. Nbd2 Re8 11. b3 e4 12. dxe4 Nxe4 13. Nh4 Nxg3 14. Nxf5 Nxf1
15. Nxg7 Nxd2 16. Nxe8 Qxe8 17. Qxd2 Qe5 18. Bb2 Qh5 19. Bxc6 bxc6 20. Qc3
Qg4+ 21. Kf1 Kf8 22. Qh8+ Ke7 23. Qxa8 Qh3+ 24. Ke1 Qxh2 25. Qxa7+ Ke6 26.
Qc7 Qg1+ 27. Ke2 Qg4+ 28. Kd2 Qf3 29. Qc8+ Ke7 30. Rf1 Qg2 31. Qc7+ Ke6 32.
Ke1 Qe4 33. Bh8 Qb1+ 34. Ke2 Qc2+ 35. Kf3 Qf5+ 36. Kg3 Qg5+ 37. Kf3 Qf5+ 38.
Ke2 Qc2+ 39. Ke1 Qc1+ 40. Ke2 Qc2+ {Game drawn by repetition} 1/2-1/2

[Event "ICC tourney 1980 (3 2)"]
[Site "Internet Chess Club"]
[Date "2020.08.28"]
[Round "2"]
[White "ivo20"]
[Black "jx4"]
[Result "0-1"]
[ICCResult "White checkmated"]
[WhiteElo "1239"]
[BlackElo "1400"]
[Opening "Van't Kruijs opening"]
[ECO "A00"]
[Time "20:13:59"]
[TimeControl "180+2"]

1. e3 d5 2. h3 Nf6 3. Nf3 c5 4. g3 Nc6 5. Bg2 Bf5 6. d3 e6 7. Nc3 Be7 8. O-O
O-O 9. a3 Rc8 10. Bd2 Re8 11. Nb5 a6 12. Nc3 Bd6 13. Ne2 e5 14. Kh1 Qd7 15.
Neg1 e4 16. dxe4 Nxe4 17. Nh4 Bg6 18. Nxg6 hxg6 19. Bxe4 dxe4 20. f4 exf3
21. Qxf3 Ne5 22. Qe2 b5 23. e4 Nc4 24. Bf4 Be5 25. Bxe5 Rxe5 26. b3 Nd6 27.
Rad1 Qc6 28. Qf3 Rf8 29. Rd5 Rfe8 30. Rfd1 Nxe4 31. Rxe5 Rxe5 32. Rd8+ Kh7
33. Kh2 Rf5 34. Qg4 Rf2+ 35. Kh1 Nxg3# {White checkmated} 0-1

[Event "ICC tourney 1980 (3 2)"]
[Site "Internet Chess Club"]
[Date "2020.08.28"]
[Round "2"]
[White "JosephLevine"]
[Black "BMWHero"]
[Result "0-1"]
[ICCResult "White resigns"]
[WhiteElo "1675"]
[BlackElo "2616"]
[Opening "Sicilian: Sozin, Leonhardt variation"]
[ECO "B88"]
[NIC "SI.26"]
[Time "20:13:55"]
[TimeControl "180+2"]

1. e4 c5 2. Nf3 Nc6 3. d4 cxd4 4. Nxd4 Nf6 5. Nc3 d6 6. Bc4 e6 7. O-O Be7 8.
Be3 O-O 9. h3 a6 10. a4 Qc7 11. Bb3 Na5 12. Qd3 Bd7 13. Ba2 Rac8 14. f4 Nc4
15. Bxc4 Qxc4 16. a5 Rfd8 17. f5 e5 18. Nf3 h6 19. Rfd1 Qxd3 20. Rxd3 Nxe4
21. Nxe4 Bxf5 22. Nfd2 d5 23. Bb6 dxe4 24. Bxd8 Bc5+ 25. Kh2 exd3 26. Bb6
Bxb6 27. axb6 Rxc2 28. Nf3 Be4 29. Kg3 Bxf3 30. Kxf3 f5 31. g4 e4+ 32. Kf4
Rf2+ 33. Ke3 Re2+ 34. Kf4 d2 35. Rd1 e3 36. Kxf5 Re1 {White resigns} 0-1

[Event "ICC tourney 1980 (3 2)"]
[Site "Internet Chess Club"]
[Date "2020.08.28"]
[Round "2"]
[White "LChessMaster"]
[Black "Tombstone"]
[Result "0-1"]
[ICCResult "White checkmated"]
[WhiteElo "1607"]
[BlackElo "1664"]
[Opening "Queen's bishop game"]
[ECO "D02"]
[NIC "QP.08"]
[Time "20:14:05"]
[TimeControl "180+2"]

1. d4 d5 2. Nf3 Nf6 3. Bf4 Bf5 4. e3 e6 5. h3 Bd6 6. Bxd6 Qxd6 7. Nh4 Bg6 8.
Nxg6 hxg6 9. c3 c6 10. Nd2 Nbd7 11. Qb3 b6 12. c4 c5 13. cxd5 exd5 14. dxc5
bxc5 15. Rd1 O-O 16. Nf3 Rab8 17. Qc2 Qb6 18. b3 Rfe8 19. Be2 Nf8 20. O-O
Ne6 21. Rfe1 Rbd8 22. Nh2 d4 23. Bc4 dxe3 24. Rxe3 Rxd1+ 25. Qxd1 Rd8 26.
Qc2 Nd5 27. Bxd5 Rxd5 28. Rd3 Qd6 29. Rxd5 Qxd5 30. Nf3 Nd4 31. Nxd4 cxd4
32. Qd3 Qc5 33. Kh2 Qc3 34. Qd1 d3 35. Kg1 Qc2 36. Qxc2 dxc2 37. Kf1 c1=Q+
38. Ke2 Qc2+ 39. Kf3 Qxa2 40. Kg3 Qxb3+ 41. f3 a5 42. Kh2 a4 43. Kg3 a3 44.
Kh2 a2 45. Kg3 a1=Q 46. Kh2 Qe1 47. h4 Qxh4+ 48. Kg1 Qd1# {White checkmated}
0-1

[Event "ICC tourney 1980 (3 2)"]
[Site "Internet Chess Club"]
[Date "2020.08.28"]
[Round "2"]
[White "dopolian"]
[Black "Joelpaulg"]
[Result "1-0"]
[ICCResult "Black resigns"]
[WhiteElo "2065"]
[BlackElo "1565"]
[Opening "Sicilian: Anderssen variation"]
[ECO "B41"]
[NIC "SI.41"]
[Time "20:13:53"]
[TimeControl "180+2"]

1. e4 c5 2. Nf3 e6 3. d4 cxd4 4. Nxd4 Nf6 5. Nc3 Nc6 6. Ndb5 Bc5 7. Bf4 O-O
8. Bc7 Qe7 9. Bd6 Bxd6 10. Qxd6 Qd8 11. Nc7 Rb8 12. O-O-O Ng4 13. Rd2 a6 14.
h3 Qh4 15. Qf4 f5 16. exf5 exf5 17. g3 Qh6 18. Qxh6 Nxh6 19. Bc4+ Kh8 20.
Re1 b5 21. Bb3 Nf7 22. Bxf7 b4 23. N3d5 Bb7 24. Bh5 g6 25. Bf3 a5 26. Nb5 a4
27. Nd6 b3 28. axb3 axb3 29. cxb3 Ba6 30. Re3 Na5 31. Bd1 Bb7 32. b4 Bxd5
33. bxa5 Be4 34. Nxe4 fxe4 35. Rxe4 Rb5 36. a6 Rc8+ 37. Rc2 Ra8 38. Ra4 Rb6
39. a7 Rb7 40. b4 Rbxa7 41. Rxa7 Rxa7 42. Kb2 Kg7 43. b5 Rb7 44. Be2 Kf6 45.
Kc3 d5 46. Kd4 Ke6 47. Rc6+ Kd7 48. Kxd5 {Black resigns} 1-0

[Event "ICC tourney 1980 (3 2)"]
[Site "Internet Chess Club"]
[Date "2020.08.28"]
[Round "2"]
[White "tactics321"]
[Black "MARMAYOGI11"]
[Result "1-0"]
[ICCResult "Black resigns"]
[WhiteElo "2239"]
[BlackElo "1665"]
[Opening "Queen's gambit declined"]
[ECO "D30"]
[NIC "QP.08"]
[Time "20:14:08"]
[TimeControl "180+2"]

1. d4 d5 2. c4 e6 3. Nf3 c6 4. e3 f5 5. Bd3 Bd6 6. O-O Qf6 7. b3 Nd7 8. Ba3
Bxa3 9. Nxa3 Nh6 10. Nc2 Nf7 11. Nfe1 g5 12. Be2 g4 13. Nd3 h5 14. Nf4 Ng5
15. h4 gxh3 16. Bxh5+ Kd8 17. g3 Nf8 18. Ne1 Qg7 19. Ned3 Nfh7 20. Ne5 Nf6
21. Bf3 h2+ 22. Kh1 Nfe4 23. Bg2 Rh6 24. Qe1 Bd7 25. Rc1 Be8 26. cxd5 exd5
27. b4 a6 28. a4 Ne6 29. b5 axb5 30. Nxe6+ Rxe6 31. axb5 Rxe5 32. dxe5 Qxe5
33. bxc6 bxc6 34. Qb4 Rb8 35. Qa5+ Ke7 36. Qa7+ Bd7 37. Rxc6 Rb2 38. Qa3+
Ke8 39. Rg6 Nxf2+ 40. Rxf2 Rxf2 41. Rg8+ Kf7 42. Qf8+ Ke6 43. Rg6+
{Black resigns}
1-0

[Event "ICC tourney 1980 (3 2)"]
[Site "Internet Chess Club"]
[Date "2020.08.28"]
[Round "2"]
[White "GGuseinov"]
[Black "tangent"]
[Result "1-0"]
[ICCResult "Black resigns"]
[WhiteElo "2962"]
[BlackElo "1888"]
[Opening "Scandinavian (center counter) defense"]
[ECO "B01"]
[NIC "SD.02"]
[Time "20:13:55"]
[TimeControl "180+2"]

1. e4 d5 2. exd5 Qxd5 3. Nc3 Qd8 4. g3 Nf6 5. Bg2 c6 6. d3 g6 7. Nge2 Bg7 8.
O-O O-O 9. Re1 e5 10. Rb1 Qc7 11. b4 a6 12. a4 Be6 13. b5 Nd5 14. Bb2 axb5
15. axb5 Nd7 16. Qd2 h6 17. d4 Rad8 18. bxc6 bxc6 19. Nxd5 Bxd5 20. Bxd5
cxd5 21. dxe5 Nxe5 22. Bxe5 Qxe5 23. Nf4 Qf5 24. Rb5 g5 25. Nxd5 Qh3 26. Qd3
Kh8 27. c4 Rfe8 28. Rbb1 Qd7 29. Rbd1 Re6 30. Re2 Rc6 31. Kg2 Qd6 32. Rc2
Rdc8 33. Qf3 Qe6 34. Ne3 Rc5 35. Rcd2 Kg8 36. Rd6 Qe5 37. R6d5 Rxd5 38. cxd5
Rd8 39. Nf5 Bf8 40. Rd3 Rd7 41. h3 Qf6 42. Qg4 Bc5 43. Nxh6+ {Black resigns}
1-0

[Event "ICC tourney 1980 (3 2)"]
[Site "Internet Chess Club"]
[Date "2020.08.28"]
[Round "2"]
[White "harkerchess"]
[Black "Venom2020"]
[Result "0-1"]
[ICCResult "White forfeits on time"]
[WhiteElo "1365"]
[BlackElo "1895"]
[Opening "Dutch"]
[ECO "A80"]
[NIC "HD.12"]
[Time "20:13:57"]
[TimeControl "180+2"]

1. d4 f5 2. Bf4 Nf6 3. Nf3 g6 4. e3 Bg7 5. Be2 O-O 6. O-O d6 7. c4 Nc6 8.
Nc3 Ne4 9. Qb3 Nxc3 10. bxc3 e5 11. c5+ Kh8 12. Bg5 Qe8 13. cxd6 cxd6 14.
Nd2 h6 15. d5 Nb8 16. Bh4 g5 17. Bg3 f4 18. Bb5 Bd7 19. Bd3 b6 20. exf4 exf4
21. Rfe1 Qf7 22. Bxf4 Qxf4 23. Ne4 Be5 24. g3 Qf7 25. Qb4 Bf5 26. Nxd6 Bxd6
27. Qxd6 Bxd3 28. Qxh6+ Bh7 29. Re2 Nd7 30. Rae1 Rae8 31. Qxg5 Rxe2 32. Rxe2
Nc5 33. f4 Qf6 34. Qe5 Ne4 35. c4 Nd6 {White forfeits on time} 0-1

[Event "ICC tourney 1980 (3 2)"]
[Site "Internet Chess Club"]
[Date "2020.08.28"]
[Round "2"]
[White "londonkid"]
[Black "espark"]
[Result "0-1"]
[ICCResult "White checkmated"]
[WhiteElo "1857"]
[BlackElo "1786"]
[Opening "Queen's pawn game"]
[ECO "E10"]
[NIC "QI.01"]
[Time "20:13:52"]
[TimeControl "180+2"]

1. d4 Nf6 2. c4 e6 3. Nf3 d5 4. cxd5 exd5 5. Nc3 Be7 6. Bg5 c6 7. Qc2 O-O 8.
e3 Nbd7 9. Bd3 Re8 10. O-O Nf8 11. Ne5 g6 12. Rae1 Ne6 13. Bh4 Nd7 14. Bg3
Nxe5 15. Bxe5 Bd6 16. f4 Ng7 17. e4 dxe4 18. Nxe4 Be7 19. Bc4 Be6 20. Bxg7
Bxc4 21. Qxc4 Kxg7 22. f5 f6 23. fxg6 hxg6 24. Kh1 Qd5 25. Qd3 Rad8 26. Qg3
f5 27. Nc3 Qf7 28. Qc7 Bd6 29. Qxf7+ Kxf7 30. g3 Bb4 31. Rxe8 Rxe8 32. Rd1
Bxc3 33. bxc3 Re2 34. d5 cxd5 35. Rxd5 Ke6 36. Rb5 b6 37. a4 Ra2 38. c4 Rxa4
39. c5 bxc5 40. Rxc5 Ra2 41. h4 a5 42. Rc6+ Kf7 43. Ra6 a4 44. Ra7+ Kf6 45.
Ra6+ Kg7 46. Ra7+ Kh6 47. Ra6 Kh5 48. Ra7 Kg4 49. Rg7 Kh3 50. Kg1 Rg2+ 51.
Kf1 Rxg3 52. Ra7 a3 53. Ra4 Rb3 54. Kf2 Rb2+ 55. Kf3 a2 56. h5 gxh5 57. Ra8
h4 58. Ra3 Kh2 59. Ra4 h3 60. Kf4 Kg2 61. Kxf5 h2 62. Rg4+ Kf3 63. Rf4+ Ke3
64. Re4+ Kd3 65. Kg4 a1=Q 66. Kg3 h1=Q 67. Re3+ Kxe3 68. Kg4 Qag1+ 69. Kf5
Qe4+ 70. Kf6 Rb6+ 71. Kf7 Qgg6+ 72. Kf8 Rb8# {White checkmated} 0-1

[Event "ICC tourney 1980 (3 2)"]
[Site "Internet Chess Club"]
[Date "2020.08.28"]
[Round "2"]
[White "TheHidingBishop"]
[Black "kralj8"]
[Result "1/2-1/2"]
[ICCResult "Game drawn by mutual agreement"]
[WhiteElo "1661"]
[BlackElo "1620"]
[Opening "Queen's gambit declined"]
[ECO "D30"]
[NIC "QP.08"]
[Time "20:13:58"]
[TimeControl "180+2"]

1. d4 d5 2. c4 e6 3. Nf3 Nf6 4. g3 Bb4+ 5. Bd2 Bxd2+ 6. Nbxd2 O-O 7. Bg2 b6
8. cxd5 exd5 9. O-O Bf5 10. Rc1 Nbd7 11. Qb3 c5 12. dxc5 Nxc5 13. Qa3 Nfe4
14. Nb3 Nxb3 15. Qxb3 Nc5 16. Qe3 Re8 17. Qd2 Rc8 18. Nd4 Be4 19. e3 Bxg2
20. Kxg2 Ne4 21. Qe2 Qf6 22. a3 g6 23. Kg1 Kg7 24. Kg2 h5 25. h4 Rc5 26. b4
Rcc8 27. b5 Nd6 28. Rc6 Rxc6 29. Nxc6 Ne4 30. Rc1 Nc5 31. Nd4 Qe7 32. Qc2
Qe4+ 33. Qxe4 Rxe4 34. Rc3 Kf6 35. Nb3 Nxb3 36. Rxb3 Ra4 37. Kf3 Ke5 38. Ke2
f5 39. Kd3 Rc4 40. f3 Rc1 41. Rc3 Ra1 42. Kc2 Rg1 43. Rc7 Rxg3 44. Rxa7 Rxf3
45. Rb7 Rxe3 46. Rxb6 Kd4 47. Rxg6 Rh3 48. b6 Rc3+ 49. Kb2 Rc8 50. a4 Kc5
51. a5 Kb5 52. Rg5 Kxa5 53. Rxf5 Kxb6 54. Rxd5 Rh8
{Game drawn by mutual agreement}
1/2-1/2

[Event "ICC tourney 1980 (3 2)"]
[Site "Internet Chess Club"]
[Date "2020.08.28"]
[Round "2"]
[White "MrNormalName"]
[Black "TjkTiger"]
[Result "1/2-1/2"]
[ICCResult "Game drawn by repetition"]
[WhiteElo "1914"]
[BlackElo "2081"]
[Opening "Czech Benoni defense"]
[ECO "A56"]
[NIC "OI.05"]
[Time "20:14:47"]
[TimeControl "180+2"]

1. d4 Nf6 2. c4 c5 3. d5 e5 4. Nc3 d6 5. e4 Nbd7 6. g3 a6 7. Bg2 g6 8. Nge2
Bg7 9. O-O O-O 10. Bg5 h6 11. Bd2 Nh5 12. Qc1 Kh7 13. Qc2 Rb8 14. a4 Kh8 15.
Qc1 Kh7 16. Qc2 Qe7 17. Rae1 Ndf6 18. f3 Nd7 19. Kh1 Nb6 20. b3 f5 21. f4
fxe4 22. Bxe4 Bf5 23. Kg2 Bxe4+ 24. Nxe4 Nd7 25. Qd3 Rbe8 26. Qb1 Kh8 27.
Qc2 b6 28. Qb1 exf4 29. Nxf4 Nxf4+ 30. Bxf4 Ne5 31. Qc2 g5 32. Bxe5 Bxe5 33.
Rxf8+ Rxf8 34. Qe2 Bg7 35. Qg4 Qe5 36. Re2 Qa1 37. Rf2 Rxf2+ 38. Nxf2 Qb1
39. Qc8+ Kh7 40. Qe6 Qc2 41. Qe4+ Qxe4+ 42. Nxe4 Be5 43. h3 Kg6 44. g4 Kf7
45. Kf3 Ke7 46. Nd2 Bf4 47. Nb1 Kf6 48. Ke4 Be5 49. Na3 Bb2 50. Nc2 Bc1 51.
Ne1 Bd2 52. Nd3 Bc3 53. Nc1 Bd4 54. Ne2 Be5 55. Ng1 Bd4 56. Nf3 Bc3 57. Nh2
Be1 58. Nf1 Bf2 59. Kf3 Bd4 60. Ng3 Be5 61. Nf5 h5 62. Ke4 hxg4 63. hxg4 Bf4
64. Nh6 Kg7 65. Nf5+ Kf6 66. Nh6 Be5 67. Ng8+ Kf7 68. Nh6+ Kf6 69. Ng8+ Kf7
70. Nh6+ Kg6 71. Ng8 Kf7 {Game drawn by repetition} 1/2-1/2

[Event "ICC tourney 1980 (3 2)"]
[Site "Internet Chess Club"]
[Date "2020.08.28"]
[Round "2"]
[White "Ayushb"]
[Black "IndianTerritory"]
[Result "1/2-1/2"]
[ICCResult "White stalemated"]
[WhiteElo "1573"]
[BlackElo "1712"]
[Opening "Caro-Kann: exchange variation"]
[ECO "B13"]
[NIC "CK.02"]
[Time "20:13:59"]
[TimeControl "180+2"]

1. e4 c6 2. d4 d5 3. exd5 cxd5 4. Bd3 Nf6 5. Nf3 Nc6 6. c3 Bg4 7. O-O e6 8.
Bg5 Qb6 9. Nbd2 Qxb2 10. Qa4 Qxc3 11. Bb5 Ba3 12. Rab1 Bb2 13. Ne5 O-O 14.
Bxf6 Bf5 15. Rxb2 Qxb2 16. Nxc6 bxc6 17. Bxc6 Qxd2 18. Bxa8 Rxa8 19. Be5 Qc3
20. h3 Bd3 21. Rd1 Bc2 22. Rc1 Bxa4 23. Rxc3 h6 24. Rc7 a6 25. g3 f6 26. Bd6
Bb5 27. Bc5 Bc4 28. a3 a5 29. Re7 Ra6 30. Ra7 Rxa7 31. Bxa7 a4 32. Bc5 Kf7
33. Kg2 e5 34. Kf3 Ke6 35. Ke3 g5 36. g4 f5 37. gxf5+ Kxf5 38. dxe5 Kxe5 39.
Bf8 h5 40. Bh6 g4 41. hxg4 hxg4 42. Kd2 Ke4 43. Be3 d4 44. Bg5 Kf3 45. Bf6
Kxf2 46. Bxd4+ Kf3 47. Kc3 Bb3 48. Kb2 g3 49. Ka1 g2 50. Ba7 Ke4 51. Bb6 Kd3
52. Ba7 Kc2 53. Bg1 Bc4 54. Bf2 Kb3 55. Bc5 Bd3 56. Bg1 Kxa3 57. Bc5+ Kb3
58. Bg1 a3 59. Ba7 a2 60. Bg1 Bc4 61. Bf2 Kc2 62. Bg1 Kd3 63. Bf2 Ke2 64.
Ba7 Kf1 65. Bb6 Bd3 66. Bc5 Bc4 67. Bb6 Bd5 68. Bd4 Be6 69. Bc5 Bf7 70. Bb6
Bb3 71. Ba7 Bc4 72. Bb6 Bd5 73. Bc5 Bc4 74. Bd4 Bb3 75. Kb2 Bd5 76. Ka1 Be6
77. Bc5 Bd5 78. Bb6 Bc4 79. Bc5 Bb3 80. Bd4 Bd5 81. Bc5 Be6 82. Bb6 Bf7 83.
Bd4 Bg8 84. Bc5 Bd5 85. Bd4 Bb3 86. Bc5 Bc4 87. Bd4 Bd5 88. Bc5 Be6 89. Bd4
g1=Q 90. Bxg1 Kxg1 91. Kb2 Kf2 92. Ka1 Ke1 93. Kb2 Kd2 94. Ka1 Kd3 95. Kb2
Kc4 96. Ka1 Kb4 97. Kb2 Bb3 98. Ka1 Kc4 99. Kb2 Kb4 100. Ka1 Bc4 101. Kb2
Bd5 102. Ka1 Be6 103. Kb2 Bf7 104. Ka1 Bg8 105. Kb2 Bb3 106. Ka1 Bd5 107.
Kb2 Bc4 108. Ka1 Bd5 109. Kb2 Be6 110. Ka1 Bf7 111. Kb2 Bb3 112. Ka1 Bc2
113. Kb2 Bb3 114. Ka1 Bc4 115. Kb2 Bb3 116. Ka1 Kc4 117. Kb2 Kd3 118. Ka1
Kc2 {White stalemated} 1/2-1/2

[Event "ICC tourney 1980 (3 2)"]
[Site "Internet Chess Club"]
[Date "2020.08.28"]
[Round "3"]
[White "vedanta07"]
[Black "Ayushb"]
[Result "0-1"]
[ICCResult "White resigns"]
[WhiteElo "1344"]
[BlackElo "1581"]
[Opening "Two knights defense, Perreux variation"]
[ECO "C55"]
[NIC "KP.02"]
[Time "20:27:19"]
[TimeControl "180+2"]

1. e4 e5 2. Nf3 Nc6 3. d4 exd4 4. Bc4 Nf6 5. Ng5 Ne5 6. Qxd4 Nxc4 7. Qxc4 d5
8. exd5 Qxd5 9. Qxd5 Nxd5 10. O-O Be7 11. Nf3 O-O 12. a3 Bf6 13. c3 Bf5 14.
Nbd2 Rfe8 15. Nc4 Bd3 16. Rd1 Bxc4 17. Nd2 Be2 18. Re1 Bh5 19. Rf1 Nf4 20.
f3 Bg6 21. Ne4 Ne2+ 22. Kh1 Bxe4 23. fxe4 Rxe4 {White resigns} 0-1

[Event "ICC tourney 1980 (3 2)"]
[Site "Internet Chess Club"]
[Date "2020.08.28"]
[Round "3"]
[White "WR3311"]
[Black "Joelpaulg"]
[Result "0-1"]
[ICCResult "White resigns"]
[WhiteElo "1495"]
[BlackElo "1580"]
[Opening "English opening"]
[ECO "A16"]
[NIC "KI.78"]
[Time "20:26:53"]
[TimeControl "180+2"]

1. c4 Nf6 2. Nc3 g6 3. g3 Bg7 4. Bg2 O-O 5. d4 d6 6. e3 Nc6 7. Nge2 e5 8.
O-O Bg4 9. dxe5 Nxe5 10. b3 Nf3+ 11. Kh1 Ne4 12. Bb2 Nxc3 13. Nxc3 Nxh2 14.
Qc2 Nxf1 15. Rxf1 h5 16. Nd5 h4 17. Bxg7 Kxg7 18. Qc3+ f6 19. gxh4 Rh8 20.
f4 Rxh4+ 21. Kg1 c6 22. Nb4 Bh3 23. Rf2 Qh8 {White resigns} 0-1

[Event "ICC tourney 1980 (3 2)"]
[Site "Internet Chess Club"]
[Date "2020.08.28"]
[Round "3"]
[White "MARMAYOGI11"]
[Black "steinutz"]
[Result "1-0"]
[ICCResult "Black checkmated"]
[WhiteElo "1718"]
[BlackElo "1524"]
[Opening "King's Indian: Semi-Averbakh system"]
[ECO "E73"]
[NIC "KI.27"]
[Time "20:26:46"]
[TimeControl "180+2"]

1. d4 g6 2. e4 Bg7 3. c4 d6 4. Nc3 Nf6 5. Be2 O-O 6. Be3 Nc6 7. g4 e5 8. d5
Ne7 9. g5 Nd7 10. h4 f5 11. gxf6 Nxf6 12. h5 gxh5 13. Bxh5 Ng6 14. Bxg6 hxg6
15. f3 Nh5 16. Qd2 Nf4 17. O-O-O a6 18. Nge2 b5 19. Nxf4 exf4 20. Bd4 Qe7
21. Rdg1 g5 22. Bxg7 Qxg7 23. Rh5 g4 24. fxg4 b4 25. Nd1 a5 26. g5 Ba6 27.
Qc2 a4 28. g6 b3 29. axb3 axb3 30. Qc3 Qxc3+ 31. Nxc3 Bxc4 32. Kd2 f3 33. g7
Rf7 34. Rh8# {Black checkmated} 1-0

[Event "ICC tourney 1980 (3 2)"]
[Site "Internet Chess Club"]
[Date "2020.08.28"]
[Round "3"]
[White "tangent"]
[Black "MrNormalName"]
[Result "1/2-1/2"]
[ICCResult "Game drawn by mutual agreement"]
[WhiteElo "1889"]
[BlackElo "1913"]
[Opening "Catalan: closed, 5.Nf3"]
[ECO "E06"]
[NIC "CA.05"]
[Time "20:27:23"]
[TimeControl "180+2"]

1. d4 Nf6 2. c4 e6 3. Nf3 d5 4. g3 Be7 5. Bg2 O-O 6. O-O dxc4 7. Ne5 Nc6 8.
Bxc6 bxc6 9. Nxc6 Qe8 10. Nxe7+ Qxe7 11. Qa4 e5 12. dxe5 Qxe5 13. Qxc4 Be6
14. Qd3 Rad8 15. Qe3 Qh5 16. f3 Bc4 17. Nc3 Rfe8 18. Qf2 Qa5 19. Be3 a6 20.
Rfe1 Nd5 21. Bd4 Nxc3 22. Bxc3 Qb5 23. e4 Rd3 24. Re3 Red8 25. Rxd3 Bxd3 26.
Rd1 Rd7 27. Qe3 h6 28. b3 Bc2 29. Rxd7 Qxd7 30. Qd4 Qxd4+ 31. Bxd4 Bb1 32.
a3 Ba2 33. b4 h5 34. a4 Bb3 35. b5 axb5 36. axb5 Bc4 37. Be5
{Game drawn by mutual agreement}
1/2-1/2

[Event "ICC tourney 1980 (3 2)"]
[Site "Internet Chess Club"]
[Date "2020.08.28"]
[Round "3"]
[White "ConnorGo"]
[Black "TheHidingBishop"]
[Result "0-1"]
[ICCResult "White checkmated"]
[WhiteElo "1340"]
[BlackElo "1675"]
[Opening "Four knights: double Ruy Lopez"]
[ECO "C49"]
[NIC "KP.03"]
[Time "20:26:42"]
[TimeControl "180+2"]

1. e4 e5 2. Nf3 Nc6 3. Nc3 Nf6 4. Bb5 Bb4 5. O-O O-O 6. a3 Ba5 7. b4 Bb6 8.
d3 Re8 9. Bxc6 dxc6 10. Bg5 Qd6 11. Ne2 Bg4 12. c4 c5 13. b5 Ba5 14. Nh4
Rad8 15. f3 Bc8 16. Qa4 Qxd3 17. Qxa5 Qxe2 18. Bxf6 gxf6 19. Qxc7 Rd2 20.
Rae1 Qd3 21. Qxc5 Be6 22. Re3 Qxc4 23. Qxa7 Qxb5 24. Ree1 Red8 25. Qe3 Bc4
26. Rf2 Rd1 27. Ref1 Rxf1+ 28. Rxf1 Bxf1 29. Qh6 Qc5+ 30. Kh1 Rd1 31. h3
Bxg2+ 32. Kxg2 Qg1# {White checkmated} 0-1

[Event "ICC tourney 1980 (3 2)"]
[Site "Internet Chess Club"]
[Date "2020.08.28"]
[Round "3"]
[White "TjkTiger"]
[Black "vyomvidy"]
[Result "1-0"]
[ICCResult "Black checkmated"]
[WhiteElo "2088"]
[BlackElo "1852"]
[Opening "English: three knights system"]
[ECO "A27"]
[NIC "EO.21"]
[Time "20:26:44"]
[TimeControl "180+2"]

1. c4 e5 2. Nc3 Nc6 3. Nf3 g6 4. d4 exd4 5. Nxd4 Bg7 6. Nxc6 bxc6 7. g3 Ne7
8. Bg2 O-O 9. O-O d6 10. Qc2 Bf5 11. e4 Be6 12. Rd1 Bxc4 13. Bf4 Be6 14. e5
Bf5 15. Qe2 d5 16. Na4 Rb8 17. Nc5 Nc8 18. h4 Qe7 19. Rac1 Re8 20. Re1 Rb5
21. Nb3 Rb6 22. Be3 Rb8 23. f4 Bd7 24. Qf2 Nb6 25. Bc5 Qd8 26. Nd4 Bf8 27.
Bxf8 Kxf8 28. Nxc6 Bxc6 29. Rxc6 Re6 30. Qc5+ Kg7 31. b3 Rxc6 32. Qxc6 Qe7
33. Rc1 Qa3 34. e6 d4 35. Qxc7 Rf8 36. Qe5+ Kg8 37. Rc7 fxe6 38. Qg7#
{Black checkmated}
1-0

[Event "ICC tourney 1980 (3 2)"]
[Site "Internet Chess Club"]
[Date "2020.08.28"]
[Round "3"]
[White "Kokoro"]
[Black "Goran21"]
[Result "1-0"]
[ICCResult "Black resigns"]
[WhiteElo "1813"]
[BlackElo "2100"]
[Opening "King's Indian: 6.Be2"]
[ECO "E91"]
[NIC "KI.19"]
[Time "20:26:52"]
[TimeControl "180+2"]

1. d4 Nf6 2. c4 g6 3. Nc3 Bg7 4. e4 d6 5. Be2 O-O 6. Nf3 e6 7. O-O Nc6 8. d5
Ne7 9. dxe6 Bxe6 10. Nd4 Bc8 11. f3 Re8 12. Be3 Nc6 13. Qd2 Nh5 14. Rad1 Bd7
15. Rfe1 Be5 16. Nc2 Qh4 17. f4 Nxf4 18. g3 Nxe2+ 19. Nxe2 Qxe4 20. b3 Bh3
21. Nf4 Bxf4 22. Bxf4 Qf5 23. Ne3 Qc5 24. Kh1 Be6 25. Qb2 Qh5 26. Rf1 Ne5
27. Rd5 Rad8 28. Bxe5 dxe5 29. Rxe5 Qh3 30. Re4 Bd7 31. Qf6 Rf8 32. Nd5 Rde8
33. Rxe8 Rxe8 34. Qxf7+ Kh8 35. Qf6+ Kg8 36. Qf7+ Kh8 37. Ne7 Bc6+ 38. Nxc6
Rg8 39. Qf6+ Rg7 40. Ne7 Qd7 41. Qf8+ {Black resigns} 1-0

[Event "ICC tourney 1980 (3 2)"]
[Site "Internet Chess Club"]
[Date "2020.08.28"]
[Round "3"]
[White "BreatheChessAls"]
[Black "davika21"]
[Result "0-1"]
[ICCResult "White forfeits on time"]
[WhiteElo "1505"]
[BlackElo "1583"]
[Opening "Queen's pawn, Mason variation"]
[ECO "D00"]
[NIC "QP.08"]
[Time "20:26:41"]
[TimeControl "180+2"]

1. d4 d5 2. Bf4 Nf6 3. e3 e6 4. Nd2 Be7 5. h3 O-O 6. c3 b6 7. Ngf3 Bb7 8.
Bd3 c5 9. O-O Nc6 10. Ne5 Nxe5 11. Bxe5 Ne4 12. Bxe4 dxe4 13. Qg4 g6 14. f4
Qd7 15. f5 exf5 16. Qg3 Rac8 17. h4 Qe6 18. Bf4 Rfd8 19. Bh6 Qd6 20. Bf4 Qe6
21. Bh6 Bd6 22. Qh3 cxd4 23. exd4 Re8 24. Qe3 Bd5 25. b3 b5 26. a4 Bxb3 27.
axb5 Rc7 {White forfeits on time} 0-1

[Event "ICC tourney 1980 (3 2)"]
[Site "Internet Chess Club"]
[Date "2020.08.28"]
[Round "3"]
[White "IndianTerritory"]
[Black "ivo20"]
[Result "1-0"]
[ICCResult "Black forfeits on time"]
[WhiteElo "1714"]
[BlackElo "1237"]
[Opening "Robatsch (modern) defense"]
[ECO "B06"]
[NIC "KF.05"]
[Time "20:26:50"]
[TimeControl "180+2"]

1. e4 g6 2. d4 Bg7 3. Nc3 d6 4. Be3 c6 5. Qd2 e6 6. Nf3 Ne7 7. Bh6 O-O 8.
Bxg7 Kxg7 9. Bd3 f5 10. e5 dxe5 11. dxe5 Nd5 12. Rd1 Nxc3 13. Qxc3 Qe7 14.
Qa5 b6 15. Qd2 Ba6 16. Bxa6 Nxa6 17. Qd6 Qxd6 18. Rxd6 Nb4 19. Ng5 Rfe8 20.
Kd2 Nd5 21. Nxe6+ Kf7 22. Ng5+ Kg7 23. c4 Nf4 24. g3 Nh5 25. Ne6+ Rxe6 26.
Rxe6 Rd8+ 27. Kc3 Kf7 28. Rxc6 Re8 29. Re1 Ng7 30. Rc7+ Kf8 31. Rxa7 Ne6 32.
Rxh7 b5 33. Rh8+ Kf7 34. Rxe8 Kxe8 35. cxb5 Nc7 36. f4 Nxb5+ 37. Kb4 Nc7 38.
Rd1 {Black forfeits on time} 1-0